Map: Abiogenesis LE

Players

Guru

  • Race: Zerg Zerg
  • Spawn Location: 11:00

Cham - Winner!

  • Race: Zerg Zerg
  • Spawn Location: 5:00

Event: WCS Leipzig 2018

VOD

Have the link to the VOD?

Description

Time

  • Played on: Jan. 26, 2018, 9:22 a.m.
  • Length: 10:58

All games in this series

Show
View Real Time Build Order
Export as new Build Order

Guru Zerg 

Build Orders: Pool First 

Get SALT Encoding   

  12  0:01  Drone  
  13  0:08  Drone  
  14  0:26  Spawning Pool  
  13  0:29  Drone  
  14  0:36  Drone, Extractor  
  14  0:44  Overlord  
  14  0:55  Extractor  
  14  0:56  Drone  
  15  1:12  Zergling x2, Queen  
  15  1:13  Zergling x2  
  15  1:15  Zergling x2  
  20  1:25  Zergling x2  
  21  1:39  Metabolic Boost  
  21  1:44  Overlord  
  21  1:46  Drone  
  22  2:03  Hatchery  
  22  2:06  Zergling x2  
  22  2:16  Zergling x2  
  22  2:19  Zergling x2  
  22  2:26  Zergling x4  
  22  2:28  Zergling x2  
  24  2:36  Queen  
  23  2:38  Zergling x2  
  25  2:49  Zergling x2  
  21  3:03  Zergling x4  
  21  3:04  Zergling x4  
  22  3:11  Zergling x2  
  23  3:15  Queen  
  20  3:29  Zergling x2  
  20  3:31  Zergling x4  
  21  3:34  Queen  
  21  3:38  Drone  
  24  3:48  Zergling x4  
  26  3:49  Zergling x2  
  28  3:55  Zergling x2  
  28  3:59  Zergling x2  
  27  4:05  Zergling x2  
  27  4:09  Zergling x2  
  28  4:11  Zergling x2  
  28  4:16  Zergling x2  
  29  4:19  Zergling x2  
  29  4:21  Zergling x2  
  30  4:28  Zergling x2  
  30  4:32  Zergling x2  
  30  4:36  Drone  
  29  4:39  Drone  
  29  4:44  Drone  
  29  4:45  Zergling x2  
  30  4:54  Zergling x2  
  30  4:55  Zergling x2  
  31  5:01  Zergling x2  
  31  5:06  Zergling x4  
  33  5:09  Zergling x4  
  33  5:14  Drone  
  33  5:17  Drone  
  33  5:18  Drone  
  35  5:25  Drone  
  35  5:31  Zergling x2  
  35  5:45  Drone x3  
  35  5:46  Drone x2  
  35  5:58  Zergling x2  
  35  6:03  Zergling x2  
  35  6:04  Zergling x2  
  33  6:06  Spine Crawler, Zergling x4  
  33  6:07  Zergling x4  
  36  6:15  Evolution Chamber  
  36  6:16  Evolution Chamber  
  36  6:17  Zergling x4  
  36  6:23  Overlord  
  36  6:32  Overlord  
  36  6:39  Zergling x2  
  34  6:40  Zergling x6  
  36  6:49  Zergling x8  
  36  6:51  Zergling x2  
  36  6:53  Zergling x2  
  42  6:56  Zergling x2  
  36  7:03  Zergling x2  
  32  7:14  Drone  
  32  7:15  Queen  
  25  7:31  Spine Crawler  
  25  7:32  Drone x2  
  25  7:37  Zergling x2  
  26  7:39  Zergling x2  
  26  7:42  Zergling x2  
  27  7:44  Zergling x2  
  27  7:47  Zergling x2  
  27  7:50  Drone  
  30  7:53  Zergling x2  
  31  8:01  Queen  
  33  8:09  Drone x3  
  30  8:24  Zergling x10  
  31  8:33  Zergling x2  
  30  8:34  Zergling x2  
  30  8:36  Zergling x2  
  25  8:47  Zergling x4  
  20  8:57  Drone  
  21  9:05  Queen  
  23  9:10  Zergling x2  
  23  9:14  Zergling x2  
  25  9:17  Zergling x2  
  25  9:22  Zergling x4  
  28  9:33  Queen  
  28  9:37  Zergling x2  
  31  9:40  Zergling x2  
  32  9:47  Zergling x2  
  33  9:56  Zergling x6  
  26  10:09  Zergling x2  
  26  10:10  Zergling x2  
  19  10:15  Zergling x4  
  20  10:26  Drone  
  20  10:27  Drone  
  18  10:33  Drone  
Show
View Real Time Build Order
Export as new Build Order

Cham Zerg - Winner!

Build Orders: 1 Base Baneling Bust, Pool First, Zergling Baneling 

Get SALT Encoding   

  12  0:00  Drone  
  13  0:09  Extractor  
  12  0:24  Spawning Pool  
  11  0:29  Drone  
  11  0:33  Drone  
  13  0:39  Drone  
  14  0:51  Overlord  
  14  1:12  Zergling x6  
  14  1:14  Metabolic Boost  
  17  1:24  Zergling x2  
  18  1:29  Baneling Nest  
  17  1:35  Zergling x2  
  18  1:45  Zergling x2  
  19  1:55  Zergling x2  
  20  2:06  Zergling x2  
  21  2:13  Baneling x2  
  21  2:19  Zergling x2  
  21  2:28  Baneling  
  21  2:29  Zergling x2  
  21  2:37  Hatchery  
  20  2:45  Zergling x2  
  19  2:52  Zergling x2  
  19  2:56  Baneling x2  
  19  3:04  Zergling x2  
  19  3:09  Baneling  
  19  3:10  Baneling  
  19  3:13  Zergling x2  
  17  3:22  Zergling x2  
  17  3:30  Queen  
  17  3:34  Baneling x2  
  18  3:39  Zergling x2  
  19  3:44  Zergling x2  
  20  3:50  Baneling  
  20  3:54  Zergling x2  
  21  3:56  Zergling x2  
  21  4:08  Zergling x4  
  22  4:17  Drone  
  22  4:21  Drone  
  22  4:30  Drone x2  
  22  4:37  Baneling  
  22  4:38  Baneling  
  21  4:39  Zergling x2  
  21  4:45  Zergling x2  
  23  4:47  Zergling x2  
  21  4:53  Zergling x2  
  21  4:55  Zergling x2  
  23  5:00  Zergling x2  
  23  5:08  Zergling x2  
  23  5:10  Zergling x2  
  23  5:14  Baneling  
  23  5:15  Baneling, Zergling x2  
  23  5:20  Zergling x2  
  25  5:22  Drone  
  25  5:26  Drone  
  27  5:34  Baneling  
  27  5:35  Zergling x2  
  27  5:50  Overlord  
  27  6:00  Zergling x2  
  27  6:05  Zergling x2  
  27  6:07  Baneling  
  27  6:08  Baneling  
  27  6:09  Zergling x8  
  32  6:13  Zergling x4  
  32  6:15  Zergling x2  
  32  6:16  Zergling x2  
  36  6:19  Baneling  
  36  6:24  Overlord  
  36  6:29  Baneling  
  34  6:40  Zergling x2  
  34  6:41  Zergling x2  
  34  6:44  Zergling x2  
  34  6:46  Zergling x2  
  35  6:49  Zergling x2  
  35  6:51  Zergling x2  
  35  6:52  Zergling x2  
  33  6:55  Zergling x2  
  30  7:01  Zergling x2  
  30  7:02  Zergling x2  
  30  7:05  Baneling x2  
  30  7:08  Zergling x2  
  29  7:13  Zergling x2  
  25  7:15  Zergling x2  
  25  7:21  Zergling x4  
  25  7:23  Zergling x2  
  25  7:26  Baneling  
  25  7:28  Zergling x2  
  27  7:31  Zergling x2  
  28  7:37  Zergling x2  
  28  7:42  Zergling x2  
  29  7:46  Baneling  
  29  7:47  Baneling x2  
  29  7:49  Zergling x2  
  29  7:50  Zergling x2  
  31  7:52  Baneling  
  31  8:00  Zergling x2  
  31  8:03  Zergling x2  
  33  8:10  Baneling x2  
  33  8:11  Zergling x4  
  31  8:25  Zergling x4  
  30  8:31  Zergling x2  
  30  8:32  Zergling x2  
  28  8:42  Zergling x2  
  25  8:48  Zergling x2  
  25  8:52  Queen x2  
  28  8:57  Zergling x4  
  30  9:04  Zergling x2  
  30  9:07  Baneling x2  
  30  9:08  Zergling x2  
  32  9:14  Zergling x4  
  34  9:19  Baneling  
  34  9:20  Baneling x2  
  34  9:21  Baneling  
  33  9:27  Zergling x4  
  33  9:30  Baneling  
  35  9:36  Zergling x4  
  37  9:45  Baneling x4  
  37  9:46  Zergling x2  
  37  9:51  Baneling  
  37  9:52  Zergling x2  
  27  10:07  Zergling x2  
  27  10:12  Zergling x2  
  27  10:13  Zergling x2  
  27  10:14  Zergling x4  
  27  10:15  Zergling x2  
  27  10:19  Zergling x2  
  28  10:28  Drone x2  
  28  10:29  Drone x2  
  28  10:31  Baneling  
  32  10:35  Zergling x2  
Tags
 
Add a new tag
Caveats
  • Supply blocks, unpowered buildings, or Contaminate may cause inaccurate times.
  • Supply counts are checked every 10 seconds.